3L
QUEBEC CITY LES BLEUS @ CHARLESTON BATTERY
08/31/2034
 
TOP OF THE 1ST
Quebec City Les Bleus batting - Pitching for Charleston Battery : RHP Juan Contreras
Pitching: RHP Juan Contreras
Batting: LHB Jeff Simpson 0-0: Ball
1-0: Foul Ball, location: 2F
1-1: Ground out 4-3 (Groundball, 4D)
Batting: RHB Paul Tate 0-0: Foul Ball, location: 2F
0-1: DOUBLE (Flyball, 8RXD)
Batting: RHB Kameron Guangorena 0-0: Ball
1-0: Ground out 5-3 (Groundball, 56)
Batting: LHB Palaie Gaoteote 0-0: Ball
1-0: Ball
2-0: Ball
3-0: Base on Balls
Batting: LHB Scott Janousek 0-0: SINGLE (Line Drive, 34D)
Paul Tate to third
Palaie Gaoteote to second
Runner from 3rd tries for Home, SAFE, throw made home
Batting: SHB Stan St. John 0-0: Swinging Strike
0-1: Ball
1-1: Ball
2-1: Called Strike
2-2: Strikes out swinging, 2-3 out at first.
Top of the 1st over - 1 run, 2 hits, 0 errors, 2 left on base; Quebec City 1 - Charleston 0
BOTTOM OF THE 1ST
Charleston Battery batting - Pitching for Quebec City Les Bleus : RHP Pedro López
Pitching: RHP Pedro López
Batting: LHB Joey Coco 0-0: Called Strike
0-1: Ground out 4-3 (Groundball, 4)
Batting: LHB Datu Lesaca 0-0: Ball
1-0: Ball
2-0: Called Strike
2-1: Called Strike
2-2: Strikes out swinging
Batting: SHB Jasper Morrison 0-0: Ball
1-0: Foul Ball, location: 2F
1-1: Foul Ball, location: 2F
1-2: Ball
2-2: Ball
3-2: Base on Balls
Batting: LHB Spencer Powell 0-0: Ball
1-0: SINGLE (Groundball, 34D)
Jasper Morrison to second
Runner from 2nd tries for 3rd, SAFE, no throw
Batting: RHB Paco Muńóz 0-0: Called Strike
0-1: Ball
1-1: Swinging Strike
1-2: Fly out, F7 (Flyball, 7)
Bottom of the 1st over - 0 runs, 1 hit, 0 errors, 2 left on base; Quebec City 1 - Charleston 0
TOP OF THE 2ND
Quebec City Les Bleus batting - Pitching for Charleston Battery : RHP Juan Contreras
Batting: RHB Lane McCool 0-0: Called Strike
0-1: Fly out, F8 (Flyball, 8RM)
Batting: RHB Cam MacIntosh 0-0: Ball
1-0: Ground out 6-3 (Groundball, 6)
Batting: RHB Reg Spiers 0-0: Called Strike
0-1: Foul Ball, location: 2F
0-2: Ball
1-2: Ground out 4-3 (Groundball, 4M)
Top of the 2nd over - 0 runs, 0 hits, 0 errors, 0 left on base; Quebec City 1 - Charleston 0
BOTTOM OF THE 2ND
Charleston Battery batting - Pitching for Quebec City Les Bleus : RHP Pedro López
Batting: LHB Vicente Gonzáles 0-0: Ground out 4-3 (Groundball, 4M)
Batting: RHB Luis Ríos 0-0: Called Strike
0-1: Ball
1-1: Ball
2-1: SINGLE (Groundball, 4M) (infield hit)
Batting: RHB Fernando Rivera 0-0: Ball
1-0: Swinging Strike
1-1: Foul Ball, location: 2F
1-2: Fly out, F9 (Flyball, 9S)
Batting: RHB Jesús Ruano 0-0: Ball
Luis Ríos steals 2nd base
1-0: Ball
2-0: Ground out 6-3 (Groundball, 56D)
Bottom of the 2nd over - 0 runs, 1 hit, 0 errors, 1 left on base; Quebec City 1 - Charleston 0
TOP OF THE 3RD
Quebec City Les Bleus batting - Pitching for Charleston Battery : RHP Juan Contreras
Batting: LHB Jeff Simpson 0-0: Ball
1-0: Called Strike
1-1: Fly out, F8 (Flyball, 8LXD)
Batting: RHB Paul Tate 0-0: Called Strike
0-1: Foul Ball, location: 2F
0-2: Ball
1-2: Foul Ball, location: 2F
1-2: Foul Ball, location: 2F
1-2: Fly out, F9 (Flyball, 9S)
Batting: RHB Kameron Guangorena 0-0: SOLO HOME RUN (Flyball, 7LD), Distance : 350 ft
Batting: LHB Palaie Gaoteote 0-0: Fly out, F8 (Flyball, 89S)
Top of the 3rd over - 1 run, 1 hit, 0 errors, 0 left on base; Quebec City 2 - Charleston 0
BOTTOM OF THE 3RD
Charleston Battery batting - Pitching for Quebec City Les Bleus : RHP Pedro López
Batting: LHB Joey Coco 0-0: Ball
1-0: Swinging Strike
1-1: Ball
2-1: Ball
3-1: Base on Balls
Batting: LHB Datu Lesaca 0-0: Ball
1-0: Fly out, F3 (Popup, 3F)
Batting: SHB Jasper Morrison 0-0: Ball
1-0: Ball
2-0: Called Strike
Joey Coco steals 2nd base
2-1: Foul Ball, location: 2F
2-2: Foul Ball, location: 2F
2-2: Ball
3-2: SINGLE (Line Drive, 4MD)
Joey Coco to third
Batting: LHB Spencer Powell 0-0: Foul Ball, location: 2F
0-1: Ball
1-1: Ball
Balk!
Joey Coco scores
Jasper Morrison to second
2-1: Ground out U3 (Groundball, 3)
Jasper Morrison to third
Batting: RHB Paco Muńóz 0-0: Called Strike
0-1: Swinging Strike
0-2: Ball
1-2: Foul Ball, location: 2F
1-2: Foul Ball, location: 2F
1-2: Ball
2-2: Ball
3-2: Ground out 6-3 (Groundball, 6)
Bottom of the 3rd over - 1 run, 1 hit, 0 errors, 1 left on base; Quebec City 2 - Charleston 1
TOP OF THE 4TH
Quebec City Les Bleus batting - Pitching for Charleston Battery : RHP Juan Contreras
Batting: LHB Scott Janousek 0-0: Swinging Strike
0-1: Fly out, F8 (Flyball, 8RM)
Batting: SHB Stan St. John 0-0: Foul Ball, location: 2F
0-1: Ball
1-1: Foul Ball, location: 2F
1-2: Foul Ball, location: 2F
1-2: SINGLE (Groundball, P) (infield hit)
Batting: RHB Lane McCool 0-0: Called Strike
0-1: Ball
1-1: Grounds into double play, 4-6-3 (Groundball, 4)
Top of the 4th over - 0 runs, 1 hit, 0 errors, 0 left on base; Quebec City 2 - Charleston 1
BOTTOM OF THE 4TH
Charleston Battery batting - Pitching for Quebec City Les Bleus : RHP Pedro López
Batting: LHB Vicente Gonzáles 0-0: Called Strike
0-1: Ball
1-1: Ball
2-1: Ball
3-1: Foul Ball, location: 2F
3-2: Base on Balls
Batting: RHB Luis Ríos 0-0: Ball
1-0: Ball
2-0: Ball
3-0: Called Strike
3-1: Base on Balls
Vicente Gonzáles to second
Batting: RHB Fernando Rivera 0-0: Called Strike
0-1: Ball
1-1: Foul Ball, location: 2F
1-2: 3-RUN HOME RUN (Flyball, 7D), Distance : 389 ft
Batting: RHB Jesús Ruano 0-0: Ball
1-0: Ground out 5-3 (Groundball, 56)
Batting: LHB Joey Coco 0-0: Called Strike
0-1: Ball
1-1: Ball
2-1: Ball
3-1: Base on Balls
Batting: LHB Datu Lesaca 0-0: Ball
1-0: Foul Ball, location: 2F
1-1: Foul Ball, location: 2F
1-2: Foul Ball, location: 2F
1-2: Ball
2-2: Foul Ball, location: 2F
2-2: DOUBLE (Line Drive, 78XD)
Joey Coco to third
Runner from 3rd tries for Home, SAFE, no throw
Pitching: RHP Stanley Eldrige
Batting: SHB Jasper Morrison 0-0: Ball
1-0: Ball
2-0: Fly out, F8 (Flyball, 8LS)
Batting: LHB Spencer Powell 0-0: Ball
1-0: Foul Ball, location: 2F
1-1: Ball
2-1: Foul Ball, location: 2F
2-2: Foul Ball, location: 2F
2-2: SINGLE (Flyball, 9S)
Datu Lesaca to third
Runner from 3rd tries for Home, throw and OUT!
Bottom of the 4th over - 4 runs, 3 hits, 0 errors, 1 left on base; Quebec City 2 - Charleston 5
TOP OF THE 5TH
Quebec City Les Bleus batting - Pitching for Charleston Battery : RHP Juan Contreras
Batting: RHB Cam MacIntosh 0-0: Swinging Strike
0-1: Foul Ball, location: 2F
0-2: Strikes out looking
Batting: RHB Reg Spiers 0-0: Called Strike
0-1: Ball
1-1: Ball
2-1: Ball
3-1: Foul Ball, location: 2F
3-2: Strikes out swinging
Batting: LHB Jeff Simpson 0-0: Foul Ball, location: 2F
0-1: Ball
1-1: Foul Ball, location: 2F
1-2: Ball
2-2: Ball
3-2: SINGLE (Line Drive, 89S)
Batting: RHB Paul Tate 0-0: Ball
1-0: Ball
2-0: Foul Ball, location: 2F
2-1: Ball
Jeff Simpson steals 2nd base
3-1: Called Strike
3-2: Strikes out swinging
Top of the 5th over - 0 runs, 1 hit, 0 errors, 1 left on base; Quebec City 2 - Charleston 5
BOTTOM OF THE 5TH
Charleston Battery batting - Pitching for Quebec City Les Bleus : RHP Stanley Eldrige
Batting: RHB Paco Muńóz 0-0: Called Strike
0-1: Ball
1-1: Ball
2-1: Ball
3-1: Foul Ball, location: 2F
3-2: Strikes out looking
Batting: LHB Vicente Gonzáles 0-0: Ball
1-0: Called Strike
1-1: DOUBLE (Line Drive, 8RXD)
Batting: RHB Luis Ríos 0-0: Ball
1-0: Foul Ball, location: 2F
1-1: Ball
2-1: Ball
3-1: Called Strike
3-2: Ground out 6-3 (Groundball, 6S)
Vicente Gonzáles to third
Batting: RHB Fernando Rivera 0-0: SINGLE (Groundball, 56) (infield hit)
Vicente Gonzáles scores
Batting: RHB Jesús Ruano 0-0: Called Strike
0-1: Fly out, F8 (Flyball, 78XD)
Bottom of the 5th over - 1 run, 2 hits, 0 errors, 1 left on base; Quebec City 2 - Charleston 6
TOP OF THE 6TH
Quebec City Les Bleus batting - Pitching for Charleston Battery : RHP Juan Contreras
Batting: RHB Kameron Guangorena 0-0: Ball
1-0: Foul Ball, location: 2F
1-1: Ball
2-1: Foul Ball, location: 2F
2-2: Foul Ball, location: 2F
2-2: Fly out, F3 (Popup, 3F)
Batting: LHB Palaie Gaoteote 0-0: Ball
1-0: Ball
2-0: Ball
3-0: Called Strike
3-1: Base on Balls
Batting: LHB Scott Janousek 0-0: Ball
1-0: Called Strike
1-1: Foul Ball, location: 2F
1-2: Ball
2-2: Foul Ball, location: 2F
2-2: Fly out, F7 (Flyball, 78D)
Batting: SHB Stan St. John 0-0: Swinging Strike
0-1: Ball
1-1: Ball
2-1: Ball
3-1: Base on Balls
Palaie Gaoteote to second
Batting: RHB Lane McCool 0-0: Ball
1-0: Foul Ball, location: 2F
1-1: Swinging Strike
1-2: Foul Ball, location: 2F
1-2: Ball
2-2: Ball
3-2: Strikes out looking
Top of the 6th over - 0 runs, 0 hits, 0 errors, 2 left on base; Quebec City 2 - Charleston 6
BOTTOM OF THE 6TH
Charleston Battery batting - Pitching for Quebec City Les Bleus : RHP Stanley Eldrige
Batting: LHB Joey Coco 0-0: Ground out 4-3 (Groundball, 34D)
Batting: LHB Datu Lesaca 0-0: Called Strike
0-1: Ground out 4-3 (Groundball, 4D)
Batting: SHB Jasper Morrison 0-0: Swinging Strike
0-1: Ball
1-1: Ground out 6-3 (Groundball, 6)
Bottom of the 6th over - 0 runs, 0 hits, 0 errors, 0 left on base; Quebec City 2 - Charleston 6
TOP OF THE 7TH
Quebec City Les Bleus batting - Pitching for Charleston Battery : RHP Juan Contreras
Batting: RHB Cam MacIntosh 0-0: Called Strike
0-1: Ground out 6-3 (Groundball, 6)
Batting: RHB Reg Spiers 0-0: Ball
1-0: Swinging Strike
1-1: Called Strike
1-2: Strikes out looking
Batting: LHB Jeff Simpson 0-0: Ball
1-0: Called Strike
1-1: Called Strike
1-2: Fly out, F7 (Flyball, 7)
Top of the 7th over - 0 runs, 0 hits, 0 errors, 0 left on base; Quebec City 2 - Charleston 6
BOTTOM OF THE 7TH
Charleston Battery batting - Pitching for Quebec City Les Bleus : RHP Stanley Eldrige
Batting: LHB Spencer Powell 0-0: Called Strike
0-1: Ball
1-1: DOUBLE (Flyball, 78D)
Batting: RHB Paco Muńóz 0-0: Ball
1-0: Foul Ball, location: 2F
1-1: Ground out 5-3 (Groundball, 56)
Batting: LHB Vicente Gonzáles 0-0: Intentional Walk
Batting: RHB Luis Ríos 0-0: Grounds into double play, 5-4-3 (Groundball, 56)
Bottom of the 7th over - 0 runs, 1 hit, 0 errors, 1 left on base; Quebec City 2 - Charleston 6
TOP OF THE 8TH
Quebec City Les Bleus batting - Pitching for Charleston Battery : RHP Juan Contreras
Pitching: RHP Jon King
Batting: RHB Paul Tate 0-0: Swinging Strike
0-1: Ball
1-1: Ball
2-1: Swinging Strike
2-2: Strikes out swinging
Batting: RHB Kameron Guangorena 0-0: Called Strike
0-1: Foul Ball, location: 2F
0-2: Ball
1-2: DOUBLE (Line Drive, 5D)
Batting: LHB Palaie Gaoteote 0-0: Foul Ball, location: 2F
0-1: Swinging Strike
0-2: Foul Ball, location: 2F
0-2: Ball
1-2: Foul Ball, location: 2F
1-2: Ball
2-2: Foul Ball, location: 2F
2-2: Ball
3-2: Fly out, F7 (Flyball, 7D)
Batting: LHB Scott Janousek 0-0: Ball
1-0: Fly out, F6 (Line Drive, 6M)
Top of the 8th over - 0 runs, 1 hit, 0 errors, 1 left on base; Quebec City 2 - Charleston 6
BOTTOM OF THE 8TH
Charleston Battery batting - Pitching for Quebec City Les Bleus : RHP Stanley Eldrige
Batting: RHB Fernando Rivera 0-0: Ball
1-0: Fly out, F8 (Flyball, 78D)
Batting: RHB Jesús Ruano 0-0: Called Strike
0-1: Ball
1-1: Called Strike
1-2: Strikes out swinging
Batting: LHB Joey Coco 0-0: Called Strike
0-1: Ball
1-1: Called Strike
1-2: Strikes out swinging
Bottom of the 8th over - 0 runs, 0 hits, 0 errors, 0 left on base; Quebec City 2 - Charleston 6
TOP OF THE 9TH
Quebec City Les Bleus batting - Pitching for Charleston Battery : RHP Jon King
Batting: SHB Stan St. John 0-0: Ball
1-0: Called Strike
1-1: Ball
2-1: SINGLE (Flyball, 78S) - OUT at second base trying to stretch hit.
Batting: RHB Lane McCool 0-0: Foul Ball, location: 2F
0-1: Ball
1-1: Swinging Strike
1-2: Strikes out swinging
Batting: RHB Cam MacIntosh 0-0: Swinging Strike
0-1: Swinging Strike
0-2: Strikes out looking
Top of the 9th over - 0 runs, 1 hit, 0 errors, 0 left on base; Quebec City 2 - Charleston 6
Friday, March 29th, 2019 - OOTP Baseball 18.8 Build 76